 Dungeon Crawl Stone Soup version 0.31-a0-851-g7ff8af7976 (webtiles) character file.

Game seed: 15471901912494056805

61 ipx the Chopper (level 4, -1/23 HPs)
             Began as a Vine Stalker Fighter on Oct 5, 2023.
             Slain by an orc
             ... wielding a +0 war axe
              (3 damage)
             ... on level 3 of the Dungeon.
             The game lasted 00:03:38 (281 turns).

ipx the Chopper (Vine Stalker Fighter)               Turns: 281, Time: 00:03:39

Health: -1/23      AC:  6    Str: 21    XL:     4   Next: 7%
Magic:  0/5        EV:  9    Int:  8    God:
Gold:   50         SH:  4    Dex: 13    Spells: 3/3 levels left

rFire   . . .        a - +0 war axe
rCold   . . .        c - +0 buckler
rNeg    . . .        b - +0 scale mail
rPois   .            (no helmet)
rElec   .            (no cloak)
rCorr   .            (no gloves)
SInv    .            (no boots)
Will    .....        (no amulet) Stlth
                     (no ring)
HPRegen 1.03/turn    (no ring)
MPRegen 0.09/turn

%: guardian spirit
@: mighty
A: fangs 2, regeneration 1, magic shield, antimagic bite, no potion heal 2
a: no special abilities


You were on level 3 of the Dungeon.
You visited 1 branch of the dungeon, and saw 3 of its levels.

You collected 50 gold pieces.

Inventory:

Hand Weapons
 a - a +0 war axe (weapon)
 j - a +1 heavy hand axe
Armour
 b - a +0 scale mail (worn)
 c - a +0 buckler (worn)
Scrolls
 e - a scroll of identify {unknown}
 f - a scroll of revelation {unknown}
 h - a scroll of immolation {unknown}
 i - a scroll of amnesia {unknown}
 k - a scroll of fog {unknown}
Potions
 g - a potion of lignification {unknown}
 l - a potion of mutation {unknown}
 m - a potion of curing {unknown}


   Skills:
 - Level 2.6 Fighting
 + Level 3.8 Axes
 - Level 2.4 Armour
 - Level 2.6 Shields


You had 3 spell levels left.
You didn't know any spells.
Your spell library contained the following spells:

 Spells                   Type           Power      Damage    Failure   Level
 Ozocubu's Armour         Ice            0%         N/A       99%         3
 Ozocubu's Refrigeration  Ice            0%         4d7       100%        7


Dungeon Overview and Level Annotations

Branches:
Dungeon (3/15)

Altars:


Innate Abilities, Weirdness & Mutations

You have extremely sharp teeth.
Your natural rate of healing is unusually fast.
When hurt, damage is shared between your health and your magic reserves.
Your bite disrupts and absorbs the magic of your enemies.
Potions cannot restore your health.


Message History

The adder closely misses you. The adder bites you.
The orc wizard mumbles some strange words.
The orc wizard flickers and vanishes!
Deactivating autopickup; reactivate with Ctrl-A.
The orc barely misses you. The orc hits you with a +0 war axe.
You closely miss the adder. You hit the orc but do no damage.
You closely miss the orc. The adder barely misses you.
The orc wizard gestures at you while chanting.
You are confused.
The orc hits you but does no damage. The orc hits you with a +0 war axe.
The adder bites you.
You are poisoned.
The adder poisons you!
You miss the adder. You closely miss the orc. You hit the orc.
You feel sick. The adder bites you but does no damage.
The orc hits you with a +0 war axe. The orc barely misses you.
The orc closely misses you. The orc hits you with a +0 flail.
The adder misses you.
You barely miss the adder. Your bite misses the adder.
You closely miss the orc wizard.
You closely miss the orc. x2; You feel sick.
The adder barely misses you. The orc hits you but does no damage.
The orc barely misses you. The adder bites you but does no damage.
You feel sick. The orc hits you but does no damage. The adder bites you.
* * * LOW HITPOINT WARNING * * *
You bump into the rock wall.
You feel sick.
The orc wizard gestures at you while chanting.
You resist with some effort. The adder bites you but does no damage.
The orc hits you with a +0 war axe.
* * * LOW HITPOINT WARNING * * *
You feel very mighty all of a sudden.
You feel sick.
You are no longer poisoned.
The adder closely misses you.
The orc wizard hits you with a +0 dagger.
The orc barely misses you.
You bump into the rock wall.
You feel less confused. The adder barely misses you.
The orc wizard hits you but does no damage.
The orc hits you with a +0 war axe.
You die...

#.. ....... #.. ........ .#
.. ........ .. #.#........
#.##.........#
##..#......... ..
##......#..##.##.
.#..#.##o@(..#...# #g
.<.....ooS#......#.......
..####.#...##..............
# o..o...............
....... ..
.####..##.#.....## .......
#.#####.###...##.)## .....
.##.(......##.......<##...
...........####.##....#.#
###..........##.........#


You could see an orc wizard, an adder and 2 orcs.

Vanquished Creatures
  2 adders
  3 dart slugs
  An orc (D:3)
  5 endoplasms
  A giant cockroach (D:1)
  7 goblins
  2 hobgoblins
  2 quokkas (D:1)
  4 ball pythons
  3 bats
  2 frilled lizards (D:1)
  3 rats
35 creatures vanquished.

Notes
Turn   | Place    | Note
-------+----------+-------------------------------------------
     0 | D:1      | ipx the Vine Stalker Fighter began the quest for the Orb.
     0 | D:1      | Reached XP level 1. HP: 11/11 MP: 2/2
    40 | D:1      | Reached skill level 2 in Axes
    61 | D:1      | Reached XP level 2. HP: 16/16 MP: 3/3
   100 | D:1      | Reached skill level 3 in Axes
   102 | D:1      | Reached XP level 3. HP: 19/19 MP: 2/4
   272 | D:3      | Reached XP level 4. HP: 23/23 MP: 5/5
   279 | D:3      | HP: 1/23 [orc/+0 war axe (5)]
   281 | D:3      | Slain by an orc

Illustrated notes

Levels and vault maps discovered:
D:1:      eino_arrival_cavern_b, layout_rooms
D:2:      layout_loops_ring, basic_altar, uniq_sigmund
D:3:      layout_rooms, pdpol_wu_jian_five_deadly_venoms,
          kb_xom_exploding_sheep, nicolae_overflow_hidden_temple,
          nicolae_overflow_ecumenical_swirl, lemuel_flame_loot_1

Skill      XL: |  1  2 |
---------------+-------+-----
Axes           | 2 3 |  3.8
Fighting       | |  2.6
Armour         | |  2.4
Shields        | |  2.6

Action                     |  1- 3 |  4- 6 || total
---------------------------+-------+-------++-------
  Melee: War axe           |    57 |     5 ||    62
         Bite              |    11 |       ||    11
    Use: Potion            |       |     1 ||     1
 Armour: Scale mail        |    53 |    20 ||    73
  Dodge: Dodged            |    33 |    12 ||    45
  Block: Buckler           |    23 |     2 ||    25

Table legend: (Time is in decaauts)
 A = Elapsed time spent in this place.
 B = Non-inter-level travel time spent in this place.
 C = Inter-level travel time spent in this place.
 D = Time resting spent in this place.
 E = Time spent auto-exploring this place.
 F = Levels seen in this place.
 G = Mean time per level.
                   A        B        C        D        E       F      G
               +--------+--------+--------+--------+--------+-----+--------+
         Total |    306 |    306 |      0 |      0 |      0 |   3 |  102.0 |
       Dungeon |    306 |    306 |      0 |      0 |      0 |   3 |  102.0 |
               +--------+--------+--------+--------+--------+-----+--------+

Top non-repeatable levels by time:
     D:1: 141 daAuts
     D:2: 95 daAuts
     D:3: 70 daAuts
